 Dungeon Crawl Stone Soup version 0.18-a0-846-g91b95b1 (webtiles) character file.

5 Gorice the Sneak (level 1, -3/12 HPs)
             Began as an Octopode Wanderer on Dec 20, 2015.
             Slain by a kobold
             ... wielding a +0 whip
              (4 damage)
             ... on level 1 of the Dungeon.
             The game lasted 00:00:52 (43 turns).

Gorice the Sneak (Octopode Wanderer)                  Turns: 43, Time: 00:00:52

Health: -3/12      AC:  1    Str: 11    XL:     1   Next: 80%
Magic:  3/3        EV: 12    Int: 12    God:
Gold:   14         SH:  0    Dex: 13    Spells: 0 memorised, 4 levels left

rFire  . . .     SeeInvis .     a - +2 dagger
rCold  . . .     Gourm    .     (no shield)
rNeg   . . .     Faith    .     (helmet restricted)
rPois  .         Spirit   .     (no amulet)
rElec  .         Dismiss  .     (no ring)
rCorr  .         Reflect  .     (no ring)
SustAt .         Harm     .     (no ring)
MR     .....                    (no ring)
Stlth  ++++......               (no ring)
                                (no ring)
                                (no ring)
                                (no ring)

@: not resistant to hostile enchantments, stealthy
A: almost no armour, amphibious, 8 rings, constrict 8, camouflage 1, gelatinous
body 1
a: no special abilities


You were on level 1 of the Dungeon.
You were not hungry.

You visited 1 branch of the dungeon, and saw 1 of its levels.

You collected 14 gold pieces.

Inventory:

Hand Weapons
 a - a +2 dagger (weapon)
Scrolls
 b - a scroll of blinking
 d - a scroll of teleportation {!r}
Potions
 c - a potion of lignification {!q}
Comestibles
 f - a bread ration {!e}
 g - 2 chunks of flesh


   Skills:
 + Level 0.4 Fighting
 + Level 1.3 Dodging
 + Level 4.1 Stealth
 + Level 3.0 Unarmed Combat
 + Level 2.0 Spellcasting
   Level 1.0 Air Magic


You had 4 spell levels left.
You didn't know any spells.

Dungeon Overview and Level Annotations

Branches:
Dungeon (1/15)

Altars:


Innate Abilities, Weirdness & Mutations

You cannot wear most types of armour.
You are amphibious.
You can wear up to eight rings at the same time.
You can use your tentacles to constrict eight enemies at once.
Your skin changes colour to match your surroundings (Stealth).
Your rubbery body absorbs attacks (AC +1).


Message History

g - 2 chunks of flesh
Found a stone staircase leading down.
A jackal and a kobold come into view.
Found a lumpy black potion.
The kobold shouts!
The bat hits you but does no damage.
You hit the bat.
You kill the bat!
The kobold throws a stone.
The stone closely misses you.
The kobold throws a stone.
The stone closely misses you.
The kobold throws a stone.
The stone hits you.
Damage: 1 (max 1)
The kobold throws a stone.
The stone closely misses you.
You hit the jackal but do no damage. Your grab misses the jackal.
You squeeze the jackal, but do no damage.
The jackal barely misses you.
You completely miss the jackal. Your grab misses the jackal.
The jackal bites you.
The jackal splashes around in the water.
Damage: 2 (max 2)
You closely miss the jackal. You grab the jackal. You squeeze the jackal.
The jackal is severely wounded.
You constrict the jackal, but do no damage.
The kobold splashes around in the water.
The jackal completely misses you.
You hit the jackal but do no damage.
The jackal is severely wounded.
You constrict the jackal. The jackal bites you.
The kobold hits you with a whip.
The jackal splashes around in the water.
Damage: 3 (max 3)
You hit the jackal.
You kill the jackal!
The kobold hits you with a whip.
* * * LOW HITPOINT WARNING * * *
Damage: 5 (max 5)
You are too injured to fight recklessly!
You are too injured to fight recklessly!
You are too injured to fight recklessly!
You are too injured to fight recklessly!
You are too injured to fight recklessly!
You are too injured to fight recklessly!
You are too injured to fight recklessly!
You closely miss the kobold. You grab the kobold. You constrict the kobold.
The kobold barely misses you.
You hit the kobold. You squeeze the kobold.
The kobold is heavily wounded.
You constrict the kobold, but do no damage.
The kobold hits you with a whip.
You die...

..##..##..........# .
#'#...............# .# #
#.....##..........##.>#.#
...#...........#...#.....
..##.#.........+..(......
####.#.........#......#.
#.#.........##.#...#.#
#.#......♣..P..P......
#.#.....≈≈≈≈≈@≈≈P.##.#
#.#......≈≈≈≈≈K≈≈P....
#.#...PP≈P≈≈≈≈.≈≈.##.#
###.P≈.≈≈≈≈≈≈≈≈P# .
..P.≈.≈≈≈≈P..#
.P≈≈P≈!≈≈♣...#
...PP..P..#..# .........#
...


You could see a kobold.

Vanquished Creatures
  A hobgoblin (D:1)
  A jackal (D:1)
  2 bats (D:1)
  A giant newt (D:1)
5 creatures vanquished.

Notes
Turn   | Place    | Note
--------------------------------------------------------------
     0 | D:1      | Gorice the Octopode Wanderer began the quest for the Orb.
     0 | D:1      | Gorice set off with: a +2 dagger, a scroll of blinking, a potion of lignification {!q}, a scroll of teleportation {!r}, a bread ration {!e}
     0 | D:1      | Reached XP level 1. HP: 11/11 MP: 3/3
    41 | D:1      | HP: 1/12 [kobold/whip (5)]
    43 | D:1      | Slain by a kobold

Vault maps used:
D:1:      dpeg_arrival_short_road, serial_bayou_pond_b

Action                   || total
-------------------------++-------
Melee: Dagger            ||    11
 Stab: Sleeping          ||     2

Table legend:
 A = Turns spent in this place as a percentage of turns spent in the entire game.
 B = Non-inter-level travel turns spent in this place as a percentage of non-inter-level travel turns spent in the entire game.
 C = Inter-level travel turns spent in this place as a percentage of turns spent in this place.
 D = Turns resting spent in this place as a percentage of non-inter-level travel turns spent in this place.
 E = Turns spent auto-exploring this place as a percentage of non-inter-level travel turns spent in this place.
 F = Non-inter-level travel turns spent in this place divided by the number of levels of this place that you've seen.
                   A       B       C       D       E      F
               +-------+-------+-------+-------+-------+----------------------
         Total | 100.0 | 100.0 |   0.0 |   0.0 |   3.6 |  55.0
       Dungeon | 100.0 | 100.0 |   0.0 |   0.0 |   3.6 |  55.0
               +-------+-------+-------+-------+-------+----------------------

Vault maps used:
D:1:      dpeg_arrival_short_road, serial_bayou_pond_b
